 Dungeon Sprint DCSS version 0.31-a0-868-g674d60d6f7 (webtiles) character file.

Game seed: 12426061001434909348

191 rocky1 the Insei (level 6, -17/43 HPs)
             Began as a Djinni Shapeshifter on Oct 12, 2023.
             Demolished by a shadow (21 damage)
             ... in the Dungeon (Sprint III: "The Ten Rune Challenge").
             The game lasted 00:01:13 (855 turns).

rocky1 the Insei (Djinni Shapeshifter)               Turns: 855, Time: 00:01:13

Health: -17/43     AC:  2    Str: 13    XL:     6   Next: 1%
Gold:   27         EV: 13    Int: 12    God:
                   SH:  0    Dex: 14

rFire   + +          .
                       - Unarmed
rCold   x . .        (no shield)
rNeg    . . .        a - +0 animal skin
rPois   ∞            (helmet currently unavailable)
rElec   .            (cloak currently unavailable)
rCorr   .            (gloves currently unavailable)
SInv    .            (boots unavailable)
Will    .....        (no amulet)
Stlth   ++           (no ring)
HPRegen 0.27/turn    (no ring)
MPRegen 0.00/turn

%: no teleportation, infuse magic (-18 HP)
@: beast-form, flying
A: beast (slay +4), flying, sickness immunity, fire resistance 2, cold
vulnerability 1, float, innate caster, HP casting, extra vitality 1
a: Begin Untransformation


You were in the Dungeon.
You were a hulking beast.
You visited 1 branch You collected 27 gold pieces.

Inventory:

Armour
 a - a +0 animal skin (worn)
Talismans
 c - a beast talisman (active)
 d - a flux talisman
Scrolls
 i - a scroll of blinking
 k - 3 scrolls of torment {unknown}
 l - 2 scrolls of identify
 n - a scroll of amnesia {unknown}
Potions
 b - 2 potions of lignification
 e - a potion of curing
 g - a potion of haste
 j - 5 potions of mutation
 m - 3 potions of enlightenment


   Skills:
 + Level 1.7 Fighting
 + Level 3.8 Dodging
 + Level 0.8 Stealth
 + Level 7.8 Unarmed Combat
 + Level 7.1 Shapeshifting


You knew the following spells:

 Your Spells              Type           Power      Damage    Failure   Level
a - Foxfire               Conj/Fire      0%         2x1d4     32%         1
b - Blink                 Tloc           0%         N/A       45%         2
Your spell library was empty.

Dungeon Overview and Level Annotations

Branches:
Dungeon (1/1)

Altars:


Innate Abilities, Weirdness & Mutations

You are a hulking beast.
Your limbs bulge with bestial killing power. (Slay +4)
You are flying.
You are immune to sickness and miasma.
You are immune to poison.
Your flesh is very heat resistant. (rF++)
You are vulnerable to cold. (rC-)
You float through the air rather than walking.
You learn spells naturally, not from books.
Your magical power is your life essence.
You have superior vitality. (+4 MHP)


Message History

The shadow flickers and vanishes!
Deactivating autopickup; reactivate with Ctrl-A.
You closely miss something. You barely miss something.
The shadow strikes at you from the darkness!
Ouch! That really hurt!
Reactivating autopickup.
You hit the shadow but do no damage. The shadow hits you!
* * * LOW HITPOINT WARNING * * *
You hit the shadow.
The shadow is lightly damaged.
The shadow hits you.
* * * LOW HITPOINT WARNING * * *
You hit the shadow.
The shadow is moderately damaged.
The shadow closely misses you.
You feel much better.
The shadow slips into darkness.
The shadow flickers and vanishes!
Deactivating autopickup; reactivate with Ctrl-A.
You closely miss something.
The shadow strikes at you from the darkness!
* * * LOW HITPOINT WARNING * * *
Reactivating autopickup.
You barely miss the shadow.
The shadow is moderately damaged.
You hit the shadow but do no damage.
The shadow is moderately damaged.
The shadow closely misses you.
You punch the shadow!
The shadow is heavily damaged.
The shadow hits you.
You closely miss the shadow.
The shadow is heavily damaged.
The shadow slips into darkness.
The shadow flickers and vanishes!
Deactivating autopickup; reactivate with Ctrl-A.
You punch something!
The shadow strikes at you from the darkness!
You die...

▓ ▓▓▓ ♣ ♣.# ♣ ♣♣.#
♣♣♣ ..# ~.♣
♣.###+#+###+## ~.♣
♣♣.#..........#
~~♣♣♣..'.⌠........#
≈~÷~...#...######'#
~~~....#.⌠.# #{h.#
~~.....#...# #...#
.......#+### #...#
.......# #...+
.......# +...#
▓▓▓▓▓▓▓▓ ▓▓▓▓▓


There were no monsters in sight!

Vanquished Creatures
  A water elemental (D)
  A scorpion (D)
  A jelly (D)
  Jessica (D)
  A human (D)
  An endoplasm (D)
  2 rats (D)
8 creatures vanquished.

Notes
Turn   | Place    | Note
-------+----------+-------------------------------------------
     0 | D        | rocky1 the Djinni Shapeshifter began the quest for the Orb.
     0 | D        | Reached XP level 1. HP: 17/17 MP: 0/0
   137 | D        | Noticed Jessica
   143 | D        | Killed Jessica
   144 | D        | Reached XP level 2. HP: 3/22 MP: 0/0
   144 | D        | Reached XP level 3. HP: 3/27 MP: 0/0
   144 | D        | Learned a level 1 spell: Foxfire
   256 | D        | Noticed a scorpion
   268 | D        | Killed a scorpion
   269 | D        | Reached skill level 5 in Shapeshifting
   269 | D        | Reached XP level 4. HP: 16/32 MP: 0/0
   467 | D        | Reached XP level 5. HP: 16/37 MP: 0/0
   467 | D        | Learned a level 2 spell: Blink
   651 | D        | Noticed a water elemental
   656 | D        | Killed a water elemental
   828 | D        | Reached XP level 6. HP: 40/43 MP: 0/0
   841 | D        | Noticed a shadow
   855 | D        | Demolished by a shadow

Illustrated notes

Levels and vault maps discovered:
D:        dungeon_sprint_mu [sprint_mu_entry_forest, sprint_mu_temple_rooms,
          sprint_mu_d1_horrors, sprint_mu_d2_genie, sprint_mu_d3_branching,
          sprint_mu_orc_legion, sprint_mu_elf_gauntlet, sprint_mu_hive_nellie,
          sprint_mu_lair_fedhas, sprint_mu_vaults_butterflies,
          sprint_mu_slime_circle, sprint_mu_swamp_cave, sprint_mu_shoals_archi,
          sprint_mu_blade_basic, sprint_mu_crypt_chambers,
          sprint_mu_tomb_spiral, sprint_mu_vestibule_basic,
          sprint_mu_gehenna_hellfire, sprint_mu_dis_giant,
          sprint_mu_tartarus_statrot, sprint_mu_cocytus_islands, sprint_mu_zot1]

Skill      XL: |  1  2  3  4  5 |
---------------+----------------+-----
Shapeshifting  | 4 5 7 |  7.1
Unarmed Combat | 4 6 7 |  7.8
Dodging        | 3 |  3.8
Fighting       | |  1.7
Stealth        | |  0.8

Action                     |  1- 3 |  4- 6 || total
---------------------------+-------+-------++-------
  Melee: Unarmed           |    21 |    29 ||    50
    Use: Potion            |       |     2 ||     2
   Stab: Sleeping          |       |     1 ||     1
 Armour: Animal skin       |     8 |    12 ||    20
  Dodge: Dodged            |     9 |     5 ||    14

Table legend: (Time is in decaauts)
 A = Elapsed time spent in this place.
 B = Non-inter-level travel time spent in this place.
 C = Inter-level travel time spent in this place.
 D = Time resting spent in this place.
 E = Time spent auto-exploring this place.
 F = Levels seen in this place.
 G = Mean time per level.
                   A        B        C        D        E       F      G
               +--------+--------+--------+--------+--------+-----+--------+
         Total |    863 |    863 |      0 |    732 |      1 |   1 |  863.0 |
       Dungeon |    863 |    863 |      0 |    732 |      1 |   1 |  863.0 |
               +--------+--------+--------+--------+--------+-----+--------+

Top non-repeatable levels by time:
       D: 863 daAuts
